 Dungeon Crawl Stone Soup version 0.20.1-1-g8b1a95d (webtiles) character file.

2256 Gremour the Carver (level 9, -2/76 HPs)
             Began as a Gargoyle Fighter on Nov 21, 2017.
             Was a Believer of Qazlal.
             Slain by a two-headed ogre
             ... wielding a cursed -1 giant spiked club
              (12 damage)
             ... on level 8 of the Dungeon.
             The game lasted 00:42:49 (6578 turns).

Gremour the Carver (Gargoyle Fighter)               Turns: 6578, Time: 00:42:50

Health: -2/76      AC: 24    Str: 19    XL:     9   Next: 37%
Magic:  9/9        EV:  2    Int: 10    God:    Qazlal [**....]
Gold:   237        SH: 14    Dex: 14    Spells: 8/8 levels left

rFire    . . .     SeeInvis .   a - +9 dagger "Cilocuj" {distort, +Rage rC+ Dex+2}
rCold    + . .     Gourm    .   c - +0 shield
rNeg     + + +     Faith    .   (armour currently unavailable)
rPois    ∞         Spirit   .   (helmet currently unavailable)
rElec    .         Reflect  .   (cloak currently unavailable)
rCorr    .         Harm     .   (gloves currently unavailable)
MR       .....     NoTele   +   (boots currently unavailable)
Stlth    +.........             (no amulet)
Regen    0.3/turn               (no ring)
MPRegen  0.2/turn               (no ring)

@: tree-form
A: negative energy resistance 1, petrification resistance, rot immunity, AC +5
a: Upheaval, Renounce Religion, Evoke Berserk Rage


You were on level 8 of the Dungeon.
You worshipped Qazlal.
Qazlal was pleased with you.
You were not hungry.
You were a tree.
You visited 2 branches of the dungeon, and saw 9 of its levels.
You also visited: Ossuary.

You collected 418 gold pieces.
You spent 181 gold pieces at shops.

Inventory:

Hand Weapons
 a - the +9 dagger "Cilocuj" (weapon) {distort, +Rage rC+ Dex+2}
   (You found it on level 8 of the Dungeon)

   It warps and distorts space around it.
   Unwielding it can cause banishment or high damage.
   It affects your dexterity (+2).
   It protects you from cold.
   It lets you go berserk.
 m - a +1 long sword
 w - a +7 club
Missiles
 u - 13 tomahawks (quivered)
Armour
 b - a +0 scale mail (melded)
 c - a +0 shield (worn)
 g - a +2 helmet (melded)
 j - a +1 pair of gloves (melded)
 t - a +0 pair of boots (melded)
Wands
 v - a wand of paralysis (15/24)
 D - a wand of flame (31/48)
 H - a wand of acid (5/15)
Scrolls
 e - 7 scrolls of teleportation
 h - 2 scrolls of fear
 i - 2 scrolls of identify
 p - a scroll of immolation
 r - a scroll of recharging
 s - 5 scrolls of remove curse
Potions
 d - 2 potions of might
 l - 2 potions of flight
 z - 2 potions of mutation
 A - a potion of agility
 B - 3 potions of berserk rage
 E - a potion of curing
Comestibles
 f - 3 bread rations
 k - 5 royal jellies
 n - 2 meat rations
 G - 5 chunks of flesh


   Skills:
 - Level 3.2 Fighting
 + Level 8.8 Long Blades
   Level 0.3 Polearms
 * Level 5.1 Armour
 + Level 8.2 Shields


You had 8 spell levels left.
You didn't know any spells.

Dungeon Overview and Level Annotations

Branches:
Dungeon (8/15)             Temple (1/1) D:6
   Lair: D:8-11

Altars:
Ashenzari
Cheibriados
Dithmenos
Elyvilon
Fedhas
Gozag
Hepliaklqana
Kikubaaqudgha
Makhleb
Nemelex Xobeh
Okawaru
Qazlal
Ru
Sif Muna
Trog
Uskayaw
Vehumet
Xom
Yredelemnul
Zin
The Shining One

Shops:
D:4 [

Annotations:
D:4 628 chain+8


Innate Abilities, Weirdness & Mutations

You are resistant to torment.
((Your stone body is resilient. (AC +5)))
You are immune to poison.
You resist negative energy. (rN+)
((You are resistant to electric shocks. (rElec)))
((You can survive without breathing.))
You are immune to petrification.
You are immune to rotting.


Message History

The hound bites you but does no damage.
You cannot move. (Use ctrl+direction to attack without moving.)
You swing at nothing.
You feel less confused. You block the two-headed ogre's attack.
The two-headed ogre hits you with a giant spiked club.
* * * LOW HITPOINT WARNING * * *
The two-headed ogre hits you with a giant spiked club.
* * * LOW HITPOINT WARNING * * *
The two-headed ogre barely misses you. The hound bites you but does no damage.
You feel better. You block the hound's attack.
You hit the two-headed ogre.
Space warps horribly around the two-headed ogre!
The two-headed ogre is heavily wounded.
The hound bites you but does no damage. You block the two-headed ogre's attack.
The two-headed ogre hits you but does no damage.
The two-headed ogre hits you with a giant spiked club!
* * * LOW HITPOINT WARNING * * *
The two-headed ogre hits you with a giant spiked club!
You die...

...#.#.#............#
...'...#............+
...#.###............#
....... ............#
.......+............#
#.##.#.#............#
#.# ##.#.........)..#
... ............# .##
.......h♣...# #
.#.....OO§..# ..
#..........# #+
#............
##.............
...............
##.............
.............. #


You could see 2 two-headed ogres and a hound.

Vanquished Creatures
  Prince Ribbit (D:6)
  A hungry ghost (D:7)
  Edmund (D:5)
  2 orc warriors
  A sky beast (D:6)
  An ogre (D:7)
  2 bullfrogs (D:6)
  A howler monkey (D:5)
  5 crimson imps
  A quasit (D:5)
  2 hounds
  A bullfrog skeleton (D:7)
  A jelly (D:5)
  4 orc priests
  5 orc wizards
  3 iguanas
  Ijyb (D:3)
  5 worker ants
  A big kobold zombie (Ossuary)
  2 hound skeletons (D:5)
  A mummy (Ossuary)
  A howler monkey zombie (D:5)
  10 adders
  8 gnolls
  2 shadow imps
  4 worms
  A dart slug (D:1)
  2 leopard geckos
  32 orcs
  A spectral bat (Ossuary)
  7 ball pythons
  A giant cockroach (D:4)
  4 gnoll zombies (Ossuary)
  11 goblins
  8 hobgoblins
  3 jackals (D:1)
  4 quokkas
  7 bats
  8 frilled lizards
  A goblin simulacrum (Ossuary)
  6 goblin zombies (Ossuary)
  2 hobgoblin zombies (Ossuary)
  13 kobolds
  3 kobold simulacra (Ossuary)
  3 kobold zombies (Ossuary)
  4 orc zombies (Ossuary)
  A quokka skeleton (D:4)
  9 rats
  5 rat simulacra (Ossuary)
  4 spectral goblins (Ossuary)
  A spectral kobold (Ossuary)
  6 spectral rats (Ossuary)
214 creatures vanquished.

Vanquished Creatures (others)
  A worker ant (D:5)
  3 big kobold zombies (Ossuary)
  An adder skeleton (D:4)
  A worm (D:4)
  A gnoll zombie (Ossuary)
  2 kobold zombies (Ossuary)
  A spectral goblin (Ossuary)
  A spectral rat (Ossuary)
11 creatures vanquished.

Grand Total: 225 creatures vanquished

Notes
Turn   | Place    | Note
-------+----------+-------------------------------------------
     0 | D:1      | Gremour the Gargoyle Fighter began the quest for the Orb.
     0 | D:1      | Reached XP level 1. HP: 14/14 MP: 1/1
   145 | D:1      | Reached XP level 2. HP: 19/19 MP: 2/2
   722 | D:1      | Reached XP level 3. HP: 20/23 MP: 3/3
   971 | D:2      | Found an iron altar of Okawaru.
  1153 | D:2      | Found a faded altar of an unknown god.
  1401 | D:2      | Reached XP level 4. HP: 28/28 MP: 4/4
  2198 | D:3      | Found a glowing golden altar of the Shining One.
  2385 | D:3      | Noticed Ijyb
  2403 | D:3      | Paralysed by Ijyb for 2 turns
  2412 | D:3      | Killed Ijyb
  2412 | D:3      | Reached XP level 5. HP: 19/32 MP: 5/5
  2980 | D:3      | Found a bloodstained altar of Trog.
  3164 | D:4      | Got a translucent spear
  3165 | D:4      | Identified the +8 spear of Ragnarok {distort, *Slow rC++ Dex+5} (You found it on level 4 of the Dungeon)
  3182 | D:4      | Reached skill level 5 in Long Blades
  3275 | D:4      | Reached XP level 6. HP: 36/37 MP: 6/6
  3511 | D:4      | Found Ommued's Armour Emporium.
  3574 | D:4      | Found a white marble altar of Elyvilon.
  3660 | D:5      | Entered Level 5 of the Dungeon
  3716 | D:5      | Reached XP level 7. HP: 34/41 MP: 7/7
  3954 | D:4      | Bought a +2 helmet for 181 gold pieces
  4079 | D:5      | Found a shadowy altar of Dithmenos.
  4162 | D:5      | Noticed Edmund
  4177 | D:5      | Killed Edmund
  4408 | D:5      | Reached XP level 8. HP: 46/46 MP: 8/8
  4613 | D:6      | Found a staircase to the Ecumenical Temple.
  4622 | Temple   | Entered the Ecumenical Temple
  4681 | Temple   | Became a worshipper of Qazlal Stormbringer
  4758 | D:6      | Reached skill level 5 in Shields
  5088 | D:6      | Noticed Prince Ribbit
  5097 | D:6      | Killed Prince Ribbit
  5325 | D:7      | Reached XP level 9. HP: 38/51 MP: 9/9
  5441 | D:7      | Found an ancient bone altar of Kikubaaqudgha.
  5560 | D:7      | Reached * piety under Qazlal
  5761 | D:7      | Found a sand-covered staircase.
  5769 | Ossuary  | Entered an ossuary
  5880 | Ossuary  | Reached skill level 5 in Armour
  6032 | Ossuary  | Reached ** piety under Qazlal
  6454 | D:8      | Noticed a two-headed ogre
  6488 | D:8      | Got a polished dagger
  6553 | D:8      | Identified the +9 dagger "Cilocuj" {distort, +Rage rC+ Dex+2} (You found it on level 8 of the Dungeon)
  6570 | D:8      | Noticed a two-headed ogre
  6578 | D:8      | Slain by a two-headed ogre

Skill      XL: |  1  2  3  4  5  6  7  8  9 |
---------------+----------------------------+-----
Long Blades    | 2 3 4 5 6 7 8 |  8.8
Shields        | 4 7 8 |  8.2
Armour         | 4 5 |  5.1
Fighting       | |  3.2
Polearms       | |  0.3

Action                   |  1- 3 |  4- 6 |  7- 9 || total
-------------------------+-------+-------+-------++-------
Melee: Long sword        |   148 |    65 |       ||   213
       Club              |       |    46 |       ||    46
       Spear             |       |    59 |   307 ||   366
       Dagger            |       |       |     1 ||     1
Throw: Tomahawk          |       |       |     6 ||     6
  Use: Scroll            |       |     4 |    18 ||    22
       Potion            |       |       |     6 ||     6
  Eat: Chunk             |     2 |     7 |    11 ||    20
       Meat ration       |       |       |     1 ||     1
Armor: Scale mail        |    99 |    77 |   100 ||   276
       Skin              |       |       |     4 ||     4
Dodge: Dodged            |    58 |    39 |    57 ||   154
Block: Shield            |    82 |    89 |   114 ||   285
       Rpst.: Long sword |    17 |     6 |       ||    23
